 Dungeon Crawl Stone Soup version 0.32-a0-918-g0f22ef8d61 (webtiles) character file.

Game seed: 5227378312131976523

233 Revguard the Trooper (level 6, -2/52 HPs)
             Began as a Ghoul Fighter on Apr 11, 2024.
             Slain by Edmund
             ... wielding a +3 flail of holy wrath
              (5 damage)
             ... on level 4 of the Dungeon.
             The game lasted 00:05:47 (2604 turns).

Revguard the Trooper (Ghoul Fighter)                Turns: 2604, Time: 00:05:48

Health: -2/52      AC: 13    Str: 20    XL:     6   Next: 5%
Magic:  7/7        EV:  5    Int:  7    God:
Gold:   159        SH:  4    Dex: 10    Spells: 5/5 levels left

rFire   . . .        g - +1 war axe (flame)
rCold   + . .        c - +0 buckler
rNeg    + + +        p - +0 plate armour
rPois   ∞            (no helmet)
rElec   .            k - +0 cloak
rCorr   .            n - +0 pair of gloves
SInv    +            (no boots)
Will    .....        (no amulet) Stlth
                     r - ring of see invisible
HPRegen 0.00/turn    (no ring)
MPRegen 0.10/turn

%: no passive effects
@: about to teleport, inhibited regen
A: claws 1, cold resistance 1, negative energy resistance 3, inhibited
regeneration, torment resistance 2, devour on kill
a: no special abilities


You were on level 4 of the Dungeon.
You visited 1 branch of the dungeon, and saw 4 of its levels.

You collected 159 gold pieces.

Inventory:

Hand Weapons
 a - a +0 war axe of chaos
 g - a +1 war axe of flaming (weapon)
Armour
 b - a +0 scale mail
 c - a +0 buckler (worn)
 k - a +0 cloak (worn)
 n - a +0 pair of gloves (worn)
 p - a +0 plate armour (worn)
Jewellery
 r - a ring of see invisible (left hand)
Scrolls
 i - a scroll of teleportation
Potions
 o - a potion of enlightenment
 q - a potion of lignification


   Skills:
 + Level 4.1 Fighting
 + Level 2.6 Axes
 + Level 3.3 Armour
 + Level 1.4 Dodging
 + Level 3.3 Shields
 + Level 2.0 Invocations
 + Level 1.5 Evocations


You had 5 spell levels left.
You didn't know any spells.
Your spell library contained the following spells:

 Spells                   Type           Power      Damage    Failure   Level
 Summon Small Mammal      Summ           0%         N/A       100%        1
 Cigotuvi's Dreadful Rot  Necr/Alch/Air  0%         N/A       100%        2
 Call Canine Familiar     Summ           0%         N/A       100%        3
 Passwall                 Erth           0%         N/A       100%        3
 Volatile Blastmotes      Fire/Tloc      0%         2d10      100%        3
 Dispel Undead            Necr           0%         3d6       100%        4
 Martyr's Knell           Necr/Summ      0%         N/A       100%        4
 Summon Blazeheart Golem  Fire/Summ      0%         N/A       100%        4
 Vhi's Electric Charge    Tloc/Air       0%         N/A       100%        4
 Bombard                  Conj/Erth      0%         9d1       100%        6


Dungeon Overview and Level Annotations

Branches:
Dungeon (4/15)
 Temple: D:4-7

Altars:
Ru

Annotations:
D:4 Edmund


Innate Abilities, Weirdness & Mutations

You are immune to poison.
You have sharp fingernails.
Your flesh is cold resistant. (rC+)
You are immune to negative energy. (rN+++)
You do not regenerate when monsters are visible.
You are immune to unholy pain and torment.
You thrive by killing the living.


Message History

Found a club.
Edmund shouts!
Found a rapier.
Found a potion of might.
Found a stone staircase leading down.
A quokka comes into view.
You hit the quokka. You burn the quokka.
You kill the quokka!
Press: ? - help, v - describe, . - travel
Here: Edmund, wielding a +3 flail of holy wrath and wearing a +0 chain mail The floor.
Unknown command.
You barely miss Edmund.
Edmund hits you with a +3 flail of holy wrath.
You convulse!
As you read the scroll labelled FUUWNO SAITO, it crumbles to dust.
It is a scroll of brand weapon.
Your +0 war axe erupts in a glittering mayhem of colour.
a - a +0 war axe of chaos Edmund hits you with a +3 flail of holy wrath.
You convulse.
As you read the scroll labelled FYOLUIPNACH, it crumbles to dust.
It is a scroll of enchant weapon.
Your +0 war axe of flaming glows red for a moment.
Edmund hits you with a +3 flail of holy wrath.
You convulse.
You hit Edmund. You burn Edmund.
Edmund is lightly wounded.
Edmund barely misses you.
Edmund hits you with a +3 flail of holy wrath!
You convulse!
* * * LOW HITPOINT WARNING * * *
Unknown command.
As you read the scroll of teleportation, it crumbles to dust.
You feel strangely unstable.
Edmund hits you with a +3 flail of holy wrath!
* * * LOW HITPOINT WARNING * * *
You convulse.
You die...
Edmund says, "That'll show my brother!"

#..#.. . . # ..#.. .
..## # #.#.##. ..... #
..... #.....## #...#
#....@.. #...# #.....##
#...# #.... #.@.# ###.#
#.@.# ########.####
####.†.###.....).....#
..............#........
...>..........#).......
...................#<...
#.####...###...........!
# #..... #.......#..#.
#..... ######..##.#.


You could see Edmund.

Vanquished Creatures
  A hound (D:3)
  An orc priest (D:3)
  Natasha (thrice) (D:2)
  2 adders
  3 dart slugs
  4 orcs (D:3)
  9 endoplasms
  7 giant cockroaches
  4 goblins
  8 hobgoblins
  2 jackals (D:2)
  A quokka (D:4)
  8 ball pythons
  3 bats
  2 frilled lizards (D:1)
  7 kobolds
  5 rats
70 creatures vanquished.

Notes
Turn   | Place    | Note
-------+----------+-------------------------------------------
     0 | D:1      | Revguard the Ghoul Fighter began the quest for the Orb.
     0 | D:1      | Reached XP level 1. HP: 19/19 MP: 1/1
   121 | D:1      | Reached XP level 2. HP: 26/26 MP: 2/2
   215 | D:1      | Found a faded altar of an unknown god.
   352 | D:1      | Reached XP level 3. HP: 29/31 MP: 3/3
   698 | D:2      | Found a sacrificial altar of Ru.
   791 | D:2      | Reached skill level 1 in Invocations
   967 | D:2      | Noticed Natasha
   972 | D:2      | Killed Natasha
   973 | D:2      | Reached skill level 1 in Evocations
   973 | D:2      | Reached XP level 4. HP: 40/40 MP: 3/5
  1169 | D:2      | Noticed Natasha
  1175 | D:2      | Killed Natasha
  1176 | D:2      | Reached skill level 1 in Dodging
  1565 | D:2      | Noticed Natasha
  1572 | D:2      | Killed Natasha
  1573 | D:2      | Reached XP level 5. HP: 37/46 MP: 6/6
  1745 | D:3      | Reached skill level 4 in Fighting
  1889 | D:3      | Reached XP level 6. HP: 52/52 MP: 7/7
  2386 | D:4      | Noticed Edmund
  2396 | D:4      | HP: 1/52 [Edmund/+3 flail of holy wrath (5)]
  2604 | D:4      | Slain by Edmund

Illustrated notes

Levels and vault maps discovered:
D:1:      dpeg_arrival_rooms_b, layout_loops_cross,
          hellmonk_ecumenical_altar_arch_garden, minmay_stone_trees_medium
D:2:      layout_loops_ring, basic_altar, uniq_natasha
D:3:      layout_basic, serial_park_tiny_2
D:4:      layout_loops_cross, serial_shops, nicolae_shop_crystal, uniq_edmund

Skill      XL: |  1  2  3  4  5 |
---------------+----------------+-----
Axes           | 2 |  2.6
Invocations    | 1 2 |  2.0
Armour         | 3 |  3.3
Shields        | 3 |  3.3
Evocations     | 1 |  1.5
Dodging        | 1 |  1.4
Fighting       | 4 |  4.1

Action                     |  1- 3 |  4- 6 || total
---------------------------+-------+-------++-------
  Melee: War axe           |    97 |    68 ||   165
    Use: Scroll            |       |    10 ||    10
         Potion            |       |     4 ||     4
 Armour: Scale mail        |    73 |    64 ||   137
         Plate armour      |       |    20 ||    20
  Dodge: Dodged            |    60 |    32 ||    92
  Block: Buckler           |    18 |    15 ||    33

Table legend: (Time is in decaauts)
 A = Elapsed time spent in this place.
 B = Non-inter-level travel time spent in this place.
 C = Inter-level travel time spent in this place.
 D = Time resting spent in this place.
 E = Time spent auto-exploring this place.
 F = Levels seen in this place.
 G = Mean time per level.
                   A        B        C        D        E       F      G
               +--------+--------+--------+--------+--------+-----+--------+
         Total |   2671 |   2625 |     46 |    126 |   1786 |   4 |  667.8 |
       Dungeon |   2671 |   2625 |     46 |    126 |   1786 |   4 |  667.8 |
               +--------+--------+--------+--------+--------+-----+--------+

Top non-repeatable levels by time:
     D:2: 955 daAuts
     D:3: 735 daAuts
     D:1: 717 daAuts
     D:4: 262 daAuts
